 Dungeon Crawl Stone Soup version 0.21.0-24-g2553a33 (webtiles) character file.

42 Inarius the Chiller (level 3, 0/26 HPs)
             Began as a Draconian Ice Elementalist on Jan 19, 2018.
             Slain by a shadow imp (1 damage)
             ... on level 2 of the Dungeon.
             The game lasted 00:03:34 (1470 turns).

Inarius the Chiller (Draconian Ice Elementalist)    Turns: 1470, Time: 00:03:35

Health: 0/26       AC:  5    Str: 10    XL:     3   Next: 35%
Magic:  4/7        EV: 12    Int: 16    God:
Gold:   47         SH:  0    Dex: 11    Spells: 3/7 levels left

rFire    . . .     SeeInvis .   f - +0 dagger
rCold    . . .     Gourm    .   (no shield)
rNeg     . . .     Faith    .   (armour unavailable)
rPois    .         Spirit   .   (helmet restricted)
rElec    .         Reflect  .   (no cloak)
rCorr    .         Harm     .   (no gloves)
MR       .....                  (no boots)
Stlth    ++........             (no amulet)
HPRegen  0.08/turn              (no ring)
MPRegen  0.10/turn              (no ring)

@: no status effects
A: unfitting armour, cold-blooded, AC +5
a: no special abilities


You were on level 2 of the Dungeon.
You were not hungry.

You visited 1 branch of the dungeon, and saw 2 of its levels.

You collected 47 gold pieces.

Inventory:

Hand Weapons
 f - a +0 dagger (weapon)
Scrolls
 c - a scroll of fear {unknown}
 g - 2 scrolls of remove curse {unknown}
 h - a scroll of identify {unknown}
Potions
 e - a potion of haste {unknown}
 i - a potion of cancellation {unknown}
Books
 a - a book of Frost

   Spells                             Type                      Level
   a - Freeze                         Ice                          1
   b - Throw Frost                    Conjuration/Ice              2
   c - Ozocubu's Armour               Charms/Ice                   3
   d - Throw Icicle                   Conjuration/Ice              4
   e - Summon Ice Beast               Ice/Summoning                4
Comestibles
 b - 2 rations
 d - 7 chunks of flesh


   Skills:
 + Level 2.1 Dodging
 - Level 1.7 Stealth
 + Level 2.6 Spellcasting
   Level 1.0 Conjurations
 * Level 0.3 Charms
 + Level 3.6 Ice Magic


You had 3 spell levels left.
You knew the following spells:

 Your Spells              Type           Power        Failure   Level  Hunger
a - Freeze                Ice            ##..         4%          1    #......
b - Ozocubu's Armour      Chrm/Ice       #.......     26%         3    ###....


Dungeon Overview and Level Annotations

Branches:
Dungeon (2/15)

Altars:
Trog


Innate Abilities, Weirdness & Mutations

Your plain brown scales are hard. (AC +5)
You cannot fit into any form of body armour.
You are cold-blooded and may be slowed by cold attacks.


Message History

The floor.
Press: ? - help, v - describe, . - travel
Here: a shadow imp (almost dead)
The floor.
Unknown command.
You hit the shadow imp but do no damage.
Your tail-slap misses the shadow imp.
The shadow imp is almost dead.
The shadow imp gestures at you. Pain shoots through your body!
* * * LOW HITPOINT WARNING * * *
Casting: Freeze
Confirm with . or Enter, or press ? or * to list all spells.
Aiming: Freeze
Press: ? - help, Shift-Dir - straight line, f/p - shadow imp
Aim: a shadow imp (almost dead)
You freeze the shadow imp.
The shadow imp completely resists.
The shadow imp is almost dead.
The shadow imp hits you.
You die...

.## #.# ..#
##.## .##
#...# ###
#...# ..# #
#...# ###
##. #.###
#8.. #.#
###...####.#
......5@...#
.##..#######
# ### ..#
#.#


You could see a shadow imp.

Vanquished Creatures
  2 dart slugs (D:1)
  2 leopard geckos
  A ball python (D:2)
  5 goblins
  6 hobgoblins
  A quokka (D:2)
  5 bats
  3 frilled lizards
  5 kobolds
  4 rats
34 creatures vanquished.

Notes
Turn   | Place    | Note
-------+----------+-------------------------------------------
     0 | D:1      | Inarius the Draconian Ice Elementalist began the quest for the Orb.
     0 | D:1      | Reached XP level 1. HP: 14/14 MP: 3/3
   136 | D:1      | Reached XP level 2. HP: 10/20 MP: 0/5
   349 | D:1      | You fall through a shaft!
   549 | D:2      | Found a bloodstained altar of Trog.
   764 | D:1      | Reached XP level 3. HP: 23/26 MP: 0/6
   793 | D:1      | You fall through a shaft!
   840 | D:2      | Learned a level 3 spell: Ozocubu's Armour
  1469 | D:2      | HP: 1/26 [shadow imp/nerve-wracking pain (4)]
  1470 | D:2      | Slain by a shadow imp

Skill      XL: |  1 |
---------------+----+-----
Dodging        | 2 |  2.1
Stealth        | |  1.7
Spellcasting   | |  2.6
Conjurations   | |  1.0
Charms         | |  0.3
Ice Magic      | |  3.6

Action                   || total
-------------------------++-------
Melee: Unarmed           ||    23
       Tailslap          ||     3
       Dagger            ||    27
 Cast: Freeze            ||    50
 Stab: Sleeping          ||     3
  Eat: Chunk             ||     2
Armor: Skin              ||    26
Dodge: Dodged            ||    42
